cohdb
Replays
Latest Replays
All Replays
Popular Replays
Top Player Replays
Match Explorer
How It Works
Community
CoH3 Stats
Reddit
Sign in to upload your games and track your stats! →
Sign in with Steam
Match 47103306
Unlisted
Match 47103306
Overview
Messages
Build Orders
End
Vickers Machine Gun Team
Construct Section Command Post
Dingo Light Scout Car
Infantry Section
Infantry Section
Construct Platoon Command Post
Selects Air and Sea Battlegroup
Selects Supply Surplus
Construct Field Infirmary
6-pounder Anti-tank Gun Team
Humber Armored Car
Grenade Package
Selects Commando Section Paradrop
Selects M1 Pack Howitzer Paradrop
Vickers Machine Gun Team
Construct Company Command Post
Foot Guards Section
Unlock M3 Grant Medium Tanks
Construct Field Infirmary
Selects Anti-tank Rocket Loiter
M3 Grant Medium Tank
Construct Resource Cache
Foot Guards Section
ゆきかぜ
一杆大长枪的爹
takoe
S1train
frostie
Yoddha
0
0
Comments
sign in to comment!
No comments posted yet!